 Dungeon Crawl Stone Soup version 0.20-a0-351-gc9b4002 (webtiles) character file.

28 Duffy the Firebug (level 2, 15/15 HPs)
             Began as a Deep Elf Fire Elementalist on Dec 26, 2016.
             Was a Follower of Sif Muna.
             Quit the game on level 3 of the Dungeon.
             The game lasted 00:01:45 (1337 turns).

Duffy the Firebug (Deep Elf Fire Elementalist)      Turns: 1337, Time: 00:01:45

Health: 15/15      AC:  2    Str:  5    XL:     2   Next: 96%
Magic:  8/8        EV: 13    Int: 19    God:    Sif Muna [*.....]
Gold:   62         SH:  0    Dex: 15    Spells: 7/8 levels left

rFire  . . .     SeeInvis .     i - +1 dagger (protect)
rCold  . . .     Gourm    .     a - +0 robe
rNeg   . . .     Faith    .     (no shield)
rPois  .         Spirit   .     (no helmet)
rElec  .         Reflect  .     (no cloak)
rCorr  .         Harm     .     (no gloves)
MR     .....                    (no boots)
Stlth  ++........               (no amulet)
                                (no ring)
                                (no ring)

@: no status effects
A: no striking features
a: Divine Energy, Renounce Religion


You were on level 3 of the Dungeon.
You worshipped Sif Muna.
Sif Muna was aware of your devotion.
You were not hungry.

You visited 1 branch of the dungeon, and saw 3 of its levels.

You collected 62 gold pieces.

Inventory:

Hand Weapons
 i - a +1 dagger of protection (weapon)
Armour
 a - a +0 robe (worn)
Scrolls
 d - 2 scrolls of amnesia {unknown}
 e - a scroll of teleportation {unknown}
 h - a scroll of magic mapping {unknown}
Books
 b - a book of Flames

   Spells                             Type                      Level
   a - Flame Tongue                   Conjuration/Fire             1
   b - Throw Flame                    Conjuration/Fire             2
   c - Conjure Flame                  Conjuration/Fire             3
   d - Inner Flame                    Hexes/Fire                   3
   e - Sticky Flame                   Conjuration/Fire             4
   f - Fireball                       Conjuration/Fire             5
Comestibles
 c - 2 bread rations
 f - 2 meat rations
 g - a chunk of flesh


   Skills:
 - Level 2.4 Dodging
 - Level 2.4 Stealth
 + Level 3.5 Spellcasting
 * Level 2.0 Conjurations
 * Level 3.8 Fire Magic


You had 7 spell levels left.
You knew the following spells:

 Your Spells              Type           Power        Failure   Level  Hunger
a - Flame Tongue          Conj/Fire      ##...        6%          1    None


Dungeon Overview and Level Annotations

Branches:
Dungeon (3/15)

Altars:
Sif Muna
Yredelemnul


Message History

Press < or > to pray at altars.
Unknown command.
Press < or > to pray at altars.
Unknown command.
Press < or > to pray at altars.
Okay, then.
Unknown command.
Press < or > to pray at altars.
Unknown command.
Press < or > to pray at altars.
There is a deep blue altar of Sif Muna here.
There are no items here.
There is a deep blue altar of Sif Muna here.
Found 28 sling bullets.
You see here a runed dagger.
i - a runed dagger Wield which item (- for none, * to show all)? (? for menu, Esc to quit)
Your +1 dagger of protection hums with potential!
i - a +1 dagger of protection (weapon)
Are you sure you want to abandon this character and quit the game? (Confirm with "yes".)

#........>#
#.#....###########
#.#####..........#
# #..........#
#..........#
#..........#
#..........#
#..........#
#....@.....#
#..........#
.............#
###.########## #.
#


There were no monsters in sight!

Vanquished Creatures
  A dart slug (D:1)
  A leopard gecko (D:1)
  3 bats (D:1)
  4 giant cockroaches
  2 goblins
  A hobgoblin (D:1)
  2 jackals (D:1)
  2 frilled lizards (D:1)
  5 kobolds (D:1)
  3 rats (D:1)
24 creatures vanquished.

Notes
Turn   | Place    | Note
-------+----------+-------------------------------------------
     0 | D:1      | Duffy the Deep Elf Fire Elementalist began the quest for the Orb.
     0 | D:1      | Reached XP level 1. HP: 10/10 MP: 6/6
   345 | D:1      | Reached XP level 2. HP: 14/15 MP: 1/8
  1112 | D:1      | Reached skill level 2 in Conjurations
  1238 | D:2      | Found a basalt altar of Yredelemnul.
  1261 | D:3      | Found a faded altar of an unknown god.
  1290 | D:3      | Became a worshipper of Sif Muna the Loreminder
  1290 | D:3      | Reached * piety under Sif Muna
  1337 | D:3      | Quit the game

Vault maps used:
D:1:      roderic_dead_forest, roderic_bali_sauvastika
D:2:      yredelemnul_altar_generic
D:3:      fedhas_altar_1, nicolae_ru_the_path_less_chosen,
          chequers_ecumenical_altar_simple_redux, uniq_natasha

Skill      XL: |  1  2 |
---------------+-------+-----
Conjurations   | 2 |  2.0
Dodging        | |  2.4
Stealth        | |  2.4
Spellcasting   | |  3.5
Fire Magic     | |  3.8

Action                   || total
-------------------------++-------
Melee: Unarmed           ||    33
 Cast: Flame Tongue      ||    43
 Stab: Sleeping          ||     1
  Eat: Chunk             ||     1
Armor: Robe              ||    12
Dodge: Dodged            ||    41
